 Dungeon Crawl Stone Soup version 0.27-a0-1196-g3e9cee4cb2 (webtiles) character file.

Game seed: 602263483339957706

46 coolguy69 the Cutter (level 3, 0/20 HPs)
             Began as a Vine Stalker Monk on May 28, 2021.
             Slain by a gnoll
             ... wielding a +0 whip
              (4 damage)
             ... on level 2 of the Dungeon.
             The game lasted 00:01:30 (2209 turns).

coolguy69 the Cutter (Vine Stalker Monk)            Turns: 2209, Time: 00:01:31

Health: 0/20       AC:  2    Str: 16    XL:     3   Next: 68%
Magic:  0/4        EV: 12    Int: 10    God:
Gold:   100        SH:  0    Dex: 14    Spells: 2/2 levels left

rFire    . . .     SeeInvis .   a - +0 short sword
rCold    . . .     Faith    .   (no shield)
rNeg     . . .     Spirit   +   b - +0 robe
rPois    .         Reflect  .   (helmet restricted)
rElec    .         Harm     .   (no cloak)
rCorr    .         Rampage  .   (no gloves)
Will     .....                  (no boots)
Stlth    ++........             (no amulet)
HPRegen  0.06/turn              (no ring)
MPRegen  0.09/turn              (no ring)

@: brilliant
A: fangs 2, magic shield, antimagic bite, no potion heal 2, antennae 1, clumsy
1, strong 1
a: no special abilities


You were on level 2 of the Dungeon.
You visited 1 branch of the dungeon, and saw 2 of its levels.

You collected 100 gold pieces.

Inventory:

Hand Weapons
 a - a +0 short sword (weapon)
Armour
 b - a +0 robe (worn)
Scrolls
 e - a scroll of enchant weapon {unknown}
 f - a scroll of acquirement {unknown}
 g - a scroll of identify {unknown}
Potions
 c - a potion of mutation


   Skills:
 + Level 3.1 Fighting
 + Level 3.2 Short Blades
 + Level 2.7 Dodging
 + Level 3.0 Stealth


You had 2 spell levels left.
You didn't know any spells.
Your spell library was empty.

Dungeon Overview and Level Annotations

Branches:
Dungeon (2/15)

Altars:

Shops:
D:1 :


Innate Abilities, Weirdness & Mutations

You have extremely sharp teeth.
When hurt, damage is shared between your health and your magic reserves.
Your bite disrupts and absorbs the magic of your enemies.
Potions cannot restore your health.
You have a pair of small antennae on your head.
You are clumsy. (Dex -2)
Your muscles are strong. (Str +2)


Message History

You kill the orc!
Your Stealth skill increases to level 3!
No target in view!
Things that are here:
a +0 whip; a +0 pair of boots No target in view!
A gnoll comes into view. It is wielding a +0 spear.
Found a stone staircase leading down.
A gnoll is nearby!
A gnoll is nearby!
A gnoll comes into view. It is wielding a +0 whip.
There are monsters nearby!
A gnoll comes into view. It is wielding a +0 whip.
The gnoll shouts!
There is a stone staircase leading down here.
It was a potion of mutation.
You feel extremely strange.
You feel clumsy. A pair of antennae grows on your head!
You feel stronger.
It was a potion of brilliance.
You feel clever all of a sudden.
Okay, then.
You hit the gnoll.
The gnoll is lightly wounded.
The gnoll closely misses you.
The gnoll hits you from afar with a +0 spear.
You hit the gnoll but do no damage. You bite the gnoll, but do no damage.
The gnoll is lightly wounded.
The gnoll barely misses you. The gnoll closely misses you.
You hit the gnoll but do no damage. You bite the gnoll. You drain its power.
The gnoll is lightly wounded.
The gnoll barely misses you. The gnoll hits you with a +0 whip!
There is a stone staircase leading down here.
The gnoll hits you but does no damage. The gnoll closely misses you.
You hit the gnoll but do no damage. You bite the gnoll, but do no damage.
The gnoll misses you.
The gnoll hits you from afar with a +0 spear.
* * * LOW HITPOINT WARNING * * *
You hit the gnoll. Your bite misses the gnoll.
The gnoll is lightly wounded.
The gnoll hits you with a +0 whip.
You die...

##..#
##...#####..
#..........#
##..)#####..
#..## #.## #.#
#.# #@# #g#
#g#
#g###########.
#...gg........
#############.


You could see 3 gnolls.

Vanquished Creatures
  2 dart slugs (D:1)
  An orc (D:2)
  3 endoplasms (D:1)
  2 giant cockroaches (D:1)
  4 goblins
  4 hobgoblins
  3 jackals (D:2)
  5 quokkas
  A bat (D:1)
  3 frilled lizards
  5 kobolds (D:1)
  3 rats (D:1)
36 creatures vanquished.

Notes
Turn   | Place    | Note
-------+----------+-------------------------------------------
     0 | D:1      | coolguy69 the Vine Stalker Monk began the quest for the
                  | Orb.
     0 | D:1      | Reached XP level 1. HP: 11/11 MP: 2/2
   264 | D:1      | Reached XP level 2. HP: 15/16 MP: 3/3
   682 | D:1      | Reached XP level 3. HP: 9/20 MP: 2/4
  1027 | D:1      | Found Giomuemm's Book Shoppe.
  1902 | D:2      | Found a faded altar of an unknown god.
  2193 | D:2      | Gained mutation: You are clumsy. (Dex -2) [potion of
                  | mutation]
  2193 | D:2      | Gained mutation: You have a pair of small antennae on your
                  | head. [potion of mutation]
  2193 | D:2      | Gained mutation: Your muscles are strong. (Str +2) [potion
                  | of mutation]
  2209 | D:2      | Slain by a gnoll

Illustrated notes

Levels and vault maps discovered:
D:1:      evilmike_arrival_rings, layout_loops_ring, serial_shops, shop
D:2:      layout_loops_ring, ebering_ecumenical_altar_webs

Skill      XL: |  1  2  3 |
---------------+----------+-----
Fighting       | 3 |  3.1
Short Blades   | 3 |  3.2
Stealth        | 3 |  3.0
Dodging        | |  2.7

Action                   || total
-------------------------++-------
Melee: Short sword       ||   117
       Bite              ||    33
  Use: Potion            ||     2
 Stab: Sleeping          ||     5
Armor: Robe              ||    15
Dodge: Dodged            ||    64

Table legend: (Time is in decaauts)
 A = Elapsed time spent in this place.
 B = Non-inter-level travel time spent in this place.
 C = Inter-level travel time spent in this place.
 D = Time resting spent in this place.
 E = Time spent auto-exploring this place.
 F = Levels seen in this place.
 G = Mean time per level.
                   A        B        C        D        E       F      G
               +--------+--------+--------+--------+--------+-----+--------+
         Total |   2202 |   2166 |     36 |    203 |   1704 |   2 | 1101.0 |
       Dungeon |   2202 |   2166 |     36 |    203 |   1704 |   2 | 1101.0 |
               +--------+--------+--------+--------+--------+-----+--------+

Top non-repeatable levels by time:
     D:1: 1454 daAuts
     D:2: 748 daAuts
